[Event "ZMDI Open 2018"]
[Site "Dresden"]
[Date "2018.08.02"]
[Round "1.6"]
[White "Khenkin, Igor"]
[Black "Knaak, Joachim"]
[Result "1-0"]
[ECO "A06"]
[WhiteElo "2566"]
[BlackElo "2154"]
[Annotator "ChessBase"]
[PlyCount "43"]
[EventDate "2018.08.04"]
[EventType "swiss"]
[EventCountry "GER"]
[SourceTitle "playchess.com"]
[Source "ChessBase"]
[SourceQuality "1"]
[TimeControl "40/5400+30:1800+30"]

1. d4 d5 2. c4 c6 3. e3 Nf6 4. Bd3 e6 5. Nf3 Bd6 6. b3 Nbd7 7. Bb2 b6 8. O-O Qc7 9. Nc3 Bb7 10. Rc1 a6 11. cxd5 exd5 12. e4 dxe4 13. Nxe4 O-O 14. Ne5 Bxe5 15. dxe5 Nxe4 16. Bxe4 Nc5 17. Bxh7+ Kxh7 18. Qh5+ Kg8 19. Rc4 g6 20. Qh6 f5 21. e6 Qh7 22. Qxh7+ 1-0

[Event "ZMDI Open 2018"]
[Site "Dresden"]
[Date "2018.08.04"]
[Round "3.4"]
[White "Souleidis, Georgios"]
[Black "Heimann, Andreas"]
[Result "1/2-1/2"]
[ECO "B13"]
[WhiteElo "2429"]
[BlackElo "2590"]
[Annotator "ChessBase"]
[PlyCount "108"]
[EventDate "2018.08.04"]
[EventType "swiss"]
[EventCountry "GER"]
[SourceTitle "playchess.com"]
[Source "ChessBase"]
[SourceQuality "1"]
[TimeControl "40/5400+30:1800+30"]

1. e4 c6 2. d4 d5 3. exd5 cxd5 4. c4 Nf6 5. Nc3 Nc6 6. Bf4 e6 7. c5 Be7 8. Bb5 O-O 9. Nf3 Ne4 10. O-O Bd7 11. Bxc6 Nxc3 12. Qc2 bxc6 13. Qxc3 f6 14. b4 Rf7 15. a4 a6 16. Rfe1 Qc8 17. Nd2 Bd8 18. Rab1 Bc7 19. Bd6 Qb8 20. Bxc7 Qxc7 21. Nf3 Re7 22. Re3 Rb8 23. h3 Be8 24. Qe1 Bg6 25. Rb2 Rbe8 26. Qf1 Qc8 27. b5 axb5 28. axb5 cxb5 29. Qxb5 Rc7 30. Qb3 Bf7 31. Qb4 h6 32. Rb1 Rce7 33. Qc3 Qc7 34. Rbe1 Ra8 35. Ra1 Ree8 36. Ree1 Rxa1 37. Qxa1 Bh5 38. Qc3 Qf4 39. Qe3 Qxe3 40. fxe3 Bxf3 41. gxf3 Kf7 42. Rb1 f5 43. Rb7+ Kf6 44. h4 g5 45. hxg5+ hxg5 46. Kf2 Ra8 47. Ke2 Ra2+ 48. Kd3 g4 49. fxg4 fxg4 50. Rb8 g3 51. Rg8 g2 52. c6 Ra3+ 53. Ke2 Rc3 54. Rxg2 Rxc6 1/2-1/2

[Event "ZMDI Open 2018"]
[Site "Dresden"]
[Date "2018.08.04"]
[Round "3.5"]
[White "Popovic, Dusan"]
[Black "Parvanyan, Ashot"]
[Result "0-1"]
[ECO "C06"]
[WhiteElo "2518"]
[BlackElo "2430"]
[Annotator "ChessBase"]
[PlyCount "68"]
[EventDate "2018.08.04"]
[EventType "swiss"]
[EventCountry "GER"]
[SourceTitle "playchess.com"]
[Source "ChessBase"]
[SourceQuality "1"]
[TimeControl "40/5400+30:1800+30"]

1. e4 e6 2. d4 d5 3. Nd2 Nf6 4. e5 Nfd7 5. Bd3 c5 6. c3 Nc6 7. Ngf3 g6 8. h4 Qb6 9. h5 Rg8 10. Qa4 Be7 11. hxg6 hxg6 12. Bb5 a6 13. Bxc6 bxc6 14. Nb3 c4 15. Nbd2 c5 16. Qc2 cxd4 17. cxd4 Nb8 18. b3 Nc6 19. bxc4 Nxd4 20. Nxd4 Qxd4 21. Bb2 Qc5 22. Rh3 Bb7 23. Ba3 Qc7 24. Qb2 Bxa3 25. Rxa3 Rh8 26. O-O-O dxc4 27. Rc3 Bd5 28. Qa3 Rc8 29. f4 Qc5 30. Qxa6 Ra8 31. Qd6 Qb5 32. Nb1 Rb8 33. Kd2 Rd8 34. Qc7 Be4+ 0-1

[Event "ZMDI Open 2018"]
[Site "Dresden"]
[Date "2018.08.04"]
[Round "4.5"]
[White "Kovchan, Alexander"]
[Black "Souleidis, Georgios"]
[Result "1/2-1/2"]
[ECO "C70"]
[WhiteElo "2566"]
[BlackElo "2429"]
[Annotator "ChessBase"]
[PlyCount "83"]
[EventDate "2018.08.04"]
[EventType "swiss"]
[EventCountry "GER"]
[SourceTitle "playchess.com"]
[Source "ChessBase"]
[SourceQuality "1"]
[TimeControl "40/5400+30:1800+30"]

1. e4 e5 2. Nf3 Nc6 3. Bb5 a6 4. Ba4 b5 5. Bb3 Na5 6. d4 exd4 7. Qxd4 Bb7 8. Bg5 f6 9. Bd2 c5 10. Qc3 c4 11. Qxa5 Qxa5 12. Bxa5 cxb3 13. axb3 Bxe4 14. c4 Ne7 15. Nbd2 Bb7 16. O-O Nc6 17. Bb6 Kf7 18. Rfd1 Nb4 19. Nf1 Bxf3 20. gxf3 Rb8 21. Ba5 bxc4 22. bxc4 Rb7 23. Bxb4 Bxb4 24. Rxa6 Rc8 25. b3 d6 26. Rd3 Re8 27. Ng3 Re1+ 28. Kg2 Rb1 29. Ne4 Kg6 30. f4 Bc5 31. Nd2 Rb2 32. Rd5 Re7 33. f5+ Kh6 34. Kf3 Bb4 35. Ne4 Rxb3+ 36. Kf4 Rh3 37. Nxd6 Bxd6+ 38. Raxd6 Rh4+ 39. Kg3 Rxc4 40. Rd4 Rxd4 41. Rxd4 Kg5 42. Rf4 1/2-1/2

[Event "ZMDI Open 2018"]
[Site "Dresden"]
[Date "2018.08.04"]
[Round "4.6"]
[White "Bruedigam, Martin"]
[Black "Vaibhav, Suri"]
[Result "1/2-1/2"]
[ECO "C07"]
[WhiteElo "2387"]
[BlackElo "2561"]
[Annotator "ChessBase"]
[PlyCount "68"]
[EventDate "2018.08.04"]
[EventType "swiss"]
[EventCountry "GER"]
[SourceTitle "playchess.com"]
[Source "ChessBase"]
[SourceQuality "1"]
[TimeControl "40/5400+30:1800+30"]

1. e4 e6 2. d4 d5 3. Nd2 c5 4. exd5 Qxd5 5. Ngf3 cxd4 6. Bc4 Qd8 7. O-O Nc6 8. Nb3 a6 9. a4 Nf6 10. Qe2 Bd6 11. Rd1 e5 12. Nbxd4 Nxd4 13. Rxd4 Qe7 14. Rxd6 Qxd6 15. b3 Be6 16. Ba3 Bxc4 17. Qxc4 Qd5 18. Qxd5 Nxd5 19. Nxe5 b5 20. Re1 b4 21. Nd3+ Kd7 22. Nxb4 Nxb4 23. Bxb4 a5 24. Bc3 Rhc8 25. Re3 f6 26. h4 Rc5 27. g3 Rac8 28. Rd3+ Ke6 29. Re3+ Kd6 30. Rd3+ Ke6 31. Re3+ Kd6 32. Rd3+ Ke6 33. Rd7 Rb5 34. axb5 a4 1/2-1/2

[Event "ZMDI Open 2018"]
[Site "Dresden"]
[Date "2018.08.08"]
[Round "5.5"]
[White "Gschnitzer, Oswald"]
[Black "Kovchan, Alexander"]
[Result "0-1"]
[ECO "A38"]
[WhiteElo "2389"]
[BlackElo "2566"]
[Annotator "ChessBase"]
[PlyCount "54"]
[EventDate "2018.08.04"]
[EventType "swiss"]
[EventCountry "GER"]
[SourceTitle "playchess.com"]
[Source "ChessBase"]
[SourceQuality "1"]
[TimeControl "40/5400+30:1800+30"]

1. Nf3 c5 2. c4 Nc6 3. Nc3 Nf6 4. g3 g6 5. Bg2 Bg7 6. O-O h5 7. a3 d6 8. b4 cxb4 9. axb4 Nxb4 10. Qa4+ Nc6 11. Nd4 Bd7 12. Nxc6 bxc6 13. Bxc6 h4 14. Bb2 hxg3 15. hxg3 Qb6 16. Bxd7+ Nxd7 17. Rab1 Qb7 18. f3 Kf8 19. Ba1 Qc8 20. Nd5 Nc5 21. Bxg7+ Kxg7 22. Qa1+ e5 23. Rf2 Nb3 24. Qb2 Nxd2 25. Rc1 Nxc4 26. Qc3 Qh3 27. Rg2 Rac8 0-1

[Event "ZMDI Open 2018"]
[Site "Dresden"]
[Date "2018.08.10"]
[Round "7.4"]
[White "Kovchan, Alexander"]
[Black "Vorobiov, Evgeny E"]
[Result "*"]
[ECO "B66"]
[WhiteElo "2566"]
[BlackElo "2558"]
[Annotator "RC"]
[PlyCount "116"]
[EventDate "2018.08.04"]
[EventType "swiss"]
[EventCountry "GER"]
[SourceTitle "playchess.com"]
[Source "ChessBase"]
[SourceQuality "1"]
[TimeControl "40/5400+30:1800+30"]

1. e4 c5 2. Nf3 d6 3. d4 cxd4 4. Nxd4 Nf6 5. Nc3 Nc6 6. Bg5 e6 7. Qd2 a6 8. O-O-O Be7 9. Bxf6 gxf6 10. f4 Nxd4 11. Qxd4 b5 12. f5 Qc7 13. Be2 h5 14. Bf3 Rb8 15. Ne2 e5 16. Qd3 b4 17. h4 a5 18. Ng3 a4 19. Kb1 a3 20. b3 Qc6 21. Nxh5 Ba6 22. Qd2 Rc8 23. Rh3 Qc3 24. Qc1 Rg8 25. Rd5 Rc5 26. Rd2 Rc6 27. g4 Qe3 28. Rg3 Rc3 29. Qd1 Qc5 30. g5 fxg5 31. f6 Bf8 32. hxg5 Kd7 33. Qe1 Kc7 34. Rd5 Qe3 35. Qxe3 Rxe3 36. Kc1 Re1+ 37. Rd1 Re3 38. Kd2 Rc3 39. Rdg1 Bb7 40. Kd1 d5 41. Be2 Bc5 42. Rxc3 bxc3 43. Rg3 d4 44. Bd3 Rh8 45. Rh3 Bc8 46. Rh4 Be6 47. Rh1 Bf8 48. Bc4 Bxc4 49. bxc4 Rg8 50. Rg1 Bh6 51. Ke2 Rxg5 52. Rxg5 Bxg5 53. Kd3 Kc6 54. Ke2 Kc5 55. Kd3 Bh4 56. Ng7 Bxf6 57. Nf5 Bg5 58. Ng3 Bh4 *

[Event "ZMDI Open 2018"]
[Site "Dresden"]
[Date "2018.08.10"]
[Round "7.6"]
[White "Romanov, Evgeny"]
[Black "Parvanyan, Ashot"]
[Result "*"]
[ECO "E73"]
[WhiteElo "2628"]
[BlackElo "2430"]
[Annotator "RC"]
[PlyCount "181"]
[EventDate "2018.08.04"]
[EventType "swiss"]
[EventCountry "GER"]
[SourceTitle "playchess.com"]
[Source "ChessBase"]
[SourceQuality "1"]
[TimeControl "40/5400+30:1800+30"]

1. c4 Nf6 2. Nc3 g6 3. d4 Bg7 4. e4 d6 5. Be2 O-O 6. Be3 c5 7. d5 e6 8. Nf3 exd5 9. cxd5 Bg4 10. Nd2 Bxe2 11. Qxe2 Na6 12. O-O Nc7 13. Bg5 Qd7 14. h3 h6 15. Bh4 b5 16. Rae1 Rfe8 17. Qf3 Nh7 18. Bg3 Rab8 19. b3 Na6 20. Rc1 Ng5 21. Qf4 Rbd8 22. Bh4 Nb4 23. Qg3 Rc8 24. f4 Nh7 25. a3 Na6 26. Qd3 c4 27. bxc4 Nc5 28. Qf3 bxc4 29. Ncb1 Nf6 30. Rxc4 Qb5 31. Bxf6 Bxf6 32. e5 Bg7 33. Nc3 Qb7 34. Nde4 Nxe4 35. Rxc8 Rxc8 36. Nxe4 dxe5 37. f5 Kh8 38. fxg6 fxg6 39. Qg4 Rc4 40. Qxg6 Qb6+ 41. Qxb6 axb6 42. Nd6 Rd4 43. Rf7 Rd1+ 44. Kf2 Kg8 45. Rb7 Rxd5 46. Rxb6 Rd2+ 47. Kf3 Rd3+ 48. Kg4 Rxa3 49. Nf5 Ra7 50. Nxh6+ Bxh6 51. Rxh6 Ra2 52. g3 Kg7 53. Re6 Re2 54. Kf5 Rf2+ 55. Kg4 Re2 56. h4 Kf7 57. Ra6 Re3 58. h5 Rb3 59. Ra7+ Kf6 60. Ra6+ Kf7 61. Rg6 e4 62. Kf4 e3 63. Kf3 Ra3 64. g4 Rb3 65. Ke2 Ra3 66. Rg5 Kf6 67. Rf5+ Kg7 68. Re5 Kf6 69. Rxe3 Ra5 70. Re8 Ra3 71. Kf2 Kg5 72. Rg8+ Kh6 73. Rg6+ Kh7 74. Rf6 Kg7 75. Rf3 Ra1 76. Kg3 Rg1+ 77. Kh4 Ra1 78. Kg5 Ra5+ 79. Rf5 Ra7 80. h6+ Kg8 81. Kh5 Ra1 82. Kg6 Ra8 83. g5 Kh8 84. Kh5 Kg8 85. g6 Ra7 86. Rd5 Ra8 87. h7+ Kg7 88. Rd7+ Kf6 89. Rf7+ Ke6 90. Rf1 Ke7 91. Kh6 *

[Event "ZMDI Open 2018"]
[Site "Dresden"]
[Date "2018.08.11"]
[Round "8.5"]
[White "Carow, Johannes"]
[Black "Kovchan, Alexander"]
[Result "0-1"]
[ECO "E46"]
[WhiteElo "2445"]
[BlackElo "2566"]
[Annotator "ChessBase"]
[PlyCount "150"]
[EventDate "2018.08.04"]
[EventType "swiss"]
[EventCountry "GER"]
[SourceTitle "playchess.com"]
[Source "ChessBase"]
[SourceQuality "1"]
[TimeControl "40/5400+30:1800+30"]

1. d4 Nf6 2. c4 e6 3. Nc3 Bb4 4. e3 O-O 5. Nge2 Re8 6. a3 Bf8 7. d5 a5 8. g3 Na6 9. Bg2 Nc5 10. O-O exd5 11. cxd5 a4 12. Nd4 b6 13. Qc2 Ba6 14. Rd1 Bc4 15. e4 Ra5 16. Bf4 Ng4 17. h3 Ne5 18. Bxe5 Rxe5 19. Bf1 Bb3 20. Nxb3 axb3 21. Qb1 Re8 22. Re1 g6 23. Qd1 Bg7 24. Rc1 Qf6 25. Bc4 Qd4 26. Qe2 d6 27. Rcd1 Qf6 28. Rc1 Raa8 29. Kg2 g5 30. Qd1 Qe5 31. Bxb3 f5 32. Ba4 Nxa4 33. Nxa4 f4 34. Rxc7 Rf8 35. Nc3 Rf6 36. Qg4 fxg3 37. Qxg3 Rf4 38. f3 Raf8 39. Rf1 h5 40. Ne2 h4 41. Qe1 Qxb2 42. Rf2 R4f7 43. Rxf7 Rxf7 44. Nf4 Qxa3 45. Ne6 g4 46. hxg4 h3+ 47. Kxh3 Rxf3+ 48. Rxf3 Qxf3+ 49. Kh4 Bf6+ 50. g5 Be5 51. Qg1 b5 52. Qg4 Qh1+ 53. Qh3 Qxe4+ 54. Qg4 Qe1+ 55. Kh5 Qh1+ 56. Qh4 Qxd5 57. Qh3 Qe4 58. Qf1 Qh7+ 59. Kg4 Qf7 60. Qxf7+ Kxf7 61. Kf5 b4 62. Nc7 b3 63. Nb5 Ke7 64. Ke4 Ke6 65. Kd3 Kd5 66. Na3 Kc5 67. Nc4 Bg7 68. Nd2 Kb4 69. Ke4 b2 70. Kd3 Ka3 71. Kc4 Ka2 72. g6 Bh6 73. Ne4 Ka1 74. Nd2 Bxd2 75. g7 b1=Q 0-1

[Event "ZMDI Open 2018"]
[Site "Dresden"]
[Date "2018.08.11"]
[Round "8.6"]
[White "Vorobiov, Evgeny E"]
[Black "Kaasen, Tor Fredrik"]
[Result "1-0"]
[ECO "E90"]
[WhiteElo "2558"]
[BlackElo "2377"]
[Annotator "RC"]
[PlyCount "73"]
[EventDate "2018.08.04"]
[EventType "swiss"]
[EventCountry "GER"]
[SourceTitle "playchess.com"]
[Source "ChessBase"]
[SourceQuality "1"]
[TimeControl "40/5400+30:1800+30"]

1. d4 Nf6 2. c4 c5 3. d5 g6 4. Nc3 Bg7 5. e4 d6 6. Bd3 O-O 7. h3 e6 8. Nf3 Na6 9. O-O Nc7 10. Re1 Re8 11. Bf1 e5 12. a3 Na6 13. Bg5 h6 14. Be3 Nh5 15. Qd2 g5 16. Kh2 Qf6 17. Ng1 Kh7 18. Nge2 Qg6 19. Ng3 Nf4 20. Qc2 g4 21. Nf5 Bf6 22. g3 Nxh3 23. Bxh3 Qh5 24. Rh1 gxh3 25. g4 Qxg4 26. Rag1 Qh5 27. Rg3 Bh4 28. Rxh3 Bxf5 29. exf5 f6 30. Ne4 Rf8 31. Kg2 Qxf5 32. Rxh4 Rg8+ 33. Kf1 Rg6 34. Nxf6+ Qxf6 35. Rxh6+ Kg7 36. Rxg6+ Qxg6 37. Rg1 1-0

[Event "ZMDI Open 2018"]
[Site "Dresden"]
[Date "2018.08.12"]
[Round "9.6"]
[White "Jakob, Pfreundt"]
[Black "Dann, Matthias"]
[Result "0-1"]
[ECO "A49"]
[WhiteElo "2399"]
[BlackElo "2534"]
[Annotator "ChessBase"]
[PlyCount "82"]
[EventDate "2018.08.04"]
[EventType "swiss"]
[EventCountry "GER"]
[SourceTitle "playchess.com"]
[Source "ChessBase"]
[SourceQuality "1"]
[TimeControl "40/5400+30:1800+30"]

1. d4 Nf6 2. Nf3 g6 3. g3 Bg7 4. Bg2 O-O 5. O-O d6 6. Nc3 d5 7. Re1 c6 8. e4 dxe4 9. Nxe4 Nbd7 10. Nxf6+ Nxf6 11. c3 a5 12. a4 Nd5 13. Qe2 Bg4 14. h3 Bxf3 15. Bxf3 e6 16. Ra3 Qd7 17. h4 h5 18. Bg5 Rfe8 19. Qd3 Bf8 20. Raa1 b5 21. Ra2 Bg7 22. Rea1 b4 23. Rd1 bxc3 24. bxc3 Rab8 25. Bd2 Rb3 26. Qc4 Qb7 27. Be4 Rc8 28. Bc2 Rb6 29. Raa1 c5 30. dxc5 Rbc6 31. Rab1 Qa7 32. Rb5 Rxc5 33. Rxc5 Rxc5 34. Qe2 Bxc3 35. Be3 Nxe3 36. Rd8+ Kg7 37. Qxe3 Qe7 38. Qd3 Rc7 39. Bd1 e5 40. Bf3 Bd4 41. Rb8 Qc5 0-1